 Dungeon Crawl Stone Soup version 0.22-a0-389-g8519d86 (webtiles) character file.

279 tilp the Chiller (level 6, -11/45 HPs)
             Began as a Merfolk Ice Elementalist on Apr 30, 2018.
             Mangled by an ogre
             ... wielding a +0 giant club
              (29 damage)
             ... on level 4 of the Dungeon.
             The game lasted 00:12:22 (4581 turns).

tilp the Chiller (Merfolk Ice Elementalist)         Turns: 4581, Time: 00:12:23

Health: -11/45     AC: 10    Str:  9    XL:     6   Next: 26%
Magic:  0/9        EV: 13    Int: 16    God:
Gold:   313        SH:  0    Dex: 14    Spells: 3/9 levels left

rFire    + . .     SeeInvis .   a - +2 dagger (vamp)
rCold    + . .     Gourm    .   (no shield)
rNeg     . . .     Faith    .   r - +1 robe {rC+ rF+}
rPois    .         Spirit   .   (no helmet)
rElec    .         Reflect  .   (no cloak)
rCorr    .         Harm     .   d - +0 pair of gloves
MR       .....                  z - +0 pair of boots
Stlth    ++........             (no amulet)
HPRegen  0.15/turn              (no ring)
MPRegen  0.11/turn              (no ring)

@: icy armour
A: change form in water, swift swim, stealthy swim
a: no special abilities


You were on level 4 of the Dungeon.
You were hungry.

You visited 1 branch of the dungeon, and saw 4 of its levels.

You collected 313 gold pieces.

Inventory:

Hand Weapons
 a - a +2 vampiric dagger (weapon)
 b - a +0 hunting sling
 u - a +4 hand axe
 w - a +0 spear
 x - a +0 trident
Missiles
 n - 30 stones
 v - 4 tomahawks
 y - 4 javelins (quivered)
 A - 8 silver tomahawks
Armour
 d - a +0 pair of gloves (worn)
 r - a +1 robe of resistance (worn)
 z - a +0 pair of boots (worn)
Scrolls
 e - 6 scrolls of identify {unknown}
 i - a scroll of enchant armour {unknown}
 k - 2 scrolls of blinking {unknown}
 m - 4 scrolls of teleportation {unknown}
 p - 2 scrolls of magic mapping {unknown}
 D - a scroll of remove curse {unknown}
Potions
 g - a potion of might {unknown}
 h - 2 potions of mutation {unknown}
 j - a potion of agility {unknown}
 l - 2 potions of haste {unknown}
 o - a potion of flight {unknown}
 q - a potion of brilliance {unknown}
 s - 2 potions of curing {unknown}
 t - a potion of degeneration {unknown}
 B - a potion of resistance {unknown}
 C - a potion of heal wounds {unknown}
Comestibles
 c - 6 rations
 f - 2 chunks of flesh


   Skills:
 + Level 2.3 Fighting
 - Level 2.6 Dodging
 - Level 2.1 Stealth
 - Level 2.0 Spellcasting
 - Level 0.7 Conjurations
 - Level 7.0 Ice Magic


You had 3 spell levels left.
You knew the following spells:

 Your Spells              Type           Power        Failure   Level  Hunger
a - Freeze                Ice            ###.         1%          1    #......
b - Throw Frost           Conj/Ice       ##....       6%          2    ###....
c - Ozocubu's Armour      Chrm/Ice       ##......     14%         3    ###....


Dungeon Overview and Level Annotations

Branches:
Dungeon (4/15)
 Temple: D:4-7

Altars:
Cheibriados
Yredelemnul

Annotations:
D:1 vault trans rock
D:2 Sigmund


Message History

The ogre is severely wounded.
The ogre barely misses you.
You hit the ogre.
The ogre is severely wounded.
The ogre hits you with a giant club!
You hit the ogre.
The ogre is severely wounded.
The ogre hits you with a giant club!!
You barely miss the ogre.
The ogre is severely wounded.
Casting: Throw Frost (safe; 6% risk of failure)
Confirm with . or Enter, or press ? or * to list all spells.
Aiming: Freeze (safe; 1% risk of failure)
Press: ? - help, Shift-Dir - straight line, f/p - ogre
Aim: an ogre, wielding a giant club (severely wounded)
You freeze the ogre.
The ogre is severely wounded.
The ogre hits you with a giant club!!
Ouch! That really hurt!
You die...

########........#
#...#.####.##
#.........#####.######.##
#......................#.
#.........# #...[....'.
#.........# #........##
######.........# #........#
#..............# #........#
#..............#####........#
#............@.....#........#
#......######.O....#.......o#
#......# #..(!..#........##
#......# #......#.........#
######## #......#######...#
#......# #...# #......# #...#
#......# #...# #...#


You could see an ogre.

Vanquished Creatures
  A scorpion (D:4)
  A hound (D:3)
  Jessica (D:2)
  An orc wizard (D:3)
  4 adders
  An ooze (D:2)
  A worm (D:2)
  4 dart slugs
  6 leopard geckos
  7 orcs
  9 bats
  2 giant cockroaches (D:2)
  8 goblins
  6 hobgoblins
  15 jackals
  2 quokkas
  A ball python (D:2)
  6 frilled lizards
  4 kobolds
  7 rats
87 creatures vanquished.

Notes
Turn   | Place    | Note
-------+----------+-------------------------------------------
     0 | D:1      | tilp the Merfolk Ice Elementalist began the quest for the Orb.
     0 | D:1      | Reached XP level 1. HP: 13/13 MP: 3/3
   239 | D:1      | Reached XP level 2. HP: 19/19 MP: 3/5
   243 | D:1      | Learned a level 2 spell: Throw Frost
   313 | D:1      | Reached skill level 4 in Ice Magic
   838 | D:1      | Reached XP level 3. HP: 23/24 MP: 0/6
   855 | D:1      | Learned a level 3 spell: Ozocubu's Armour
  1618 | D:2      | Reached skill level 5 in Ice Magic
  1816 | D:2      | Reached XP level 4. HP: 29/30 MP: 3/7
  2157 | D:2      | Found a basalt altar of Yredelemnul.
  2188 | D:2      | Noticed Sigmund
  2569 | D:2      | Noticed Jessica
  2581 | D:2      | Killed Jessica
  2715 | D:2      | Reached skill level 6 in Ice Magic
  2884 | D:3      | Reached XP level 5. HP: 34/35 MP: 3/8
  3412 | D:3      | You fall through a shaft!
  3615 | D:4      | Found a snail-covered altar of Cheibriados.
  3727 | D:3      | Reached skill level 7 in Ice Magic
  4185 | D:4      | Reached XP level 6. HP: 42/44 MP: 0/9
  4581 | D:4      | Mangled by an ogre

Vault maps used:
D:1:      dpeg_arrival_pits, due_unseen_surprise
D:2:      lemuel_round_altar, uniq_sigmund, uniq_jessica
D:4:      kennysheep_mini_moat, first_ration, minivault_14

Skill      XL: |  1  2  3  4  5 |
---------------+----------------+-----
Ice Magic      | 4 5 6 7 |  7.0
Fighting       | 2 |  2.3
Dodging        | |  2.6
Stealth        | |  2.1
Spellcasting   | |  2.0
Conjurations   | |  0.7

Action                   |  1- 3 |  4- 6 || total
-------------------------+-------+-------++-------
Melee: Dagger            |    29 |   170 ||   199
Throw: Javelin           |       |     3 ||     3
 Cast: Freeze            |    44 |    24 ||    68
       Throw Frost       |     5 |    16 ||    21
       Ozocubu's Armour  |     1 |     5 ||     6
 Stab: Sleeping          |     7 |     2 ||     9
  Eat: Chunk             |     3 |     9 ||    12
       Ration            |     2 |       ||     2
Armor: Robe              |    14 |    37 ||    51
Dodge: Dodged            |    46 |   118 ||   164

Table legend:
 A = Spawn XP
 B = Non-spawn XP
 C = Spawn XP percentage of total XP
 D = Spawn monster count
 E = Non-spawn monster count
 F = Spawn count percentage of total count
 G = Total turns spent on level
                    A         B        C        D         E        F      G
               +---------+---------+-------+---------+---------+-------+---------
         Total |       0 |     399 |   0.0 |       0 |      87 |   0.0 |  4581
               +---------+---------+-------+---------+---------+-------+---------
           D:1 |       0 |      51 |   0.0 |       0 |      30 |   0.0 |  1547
           D:2 |       0 |     105 |   0.0 |       0 |      26 |   0.0 |  1300
           D:3 |       0 |     134 |   0.0 |       0 |      23 |   0.0 |  1075
           D:4 |       0 |     109 |   0.0 |       0 |       8 |   0.0 |   659
               +---------+---------+-------+---------+---------+-------+---------
